 Dungeon Crawl Stone Soup version 0.21.1-1-g345015f (webtiles) character file.

145095 batai666 the Geomancer (level 17, 0/108 HPs)
             Began as a Gargoyle Earth Elementalist on Feb 24, 2018.
             Was a High Priest of Vehumet.
             Slain by a wolf spider (3 damage)
             ... on level 2 of the Spider Nest.
             The game lasted 06:31:28 (49801 turns).

batai666 the Geomancer (GrEE)                      Turns: 49801, Time: 06:31:30

Health: 0/108      AC: 27    Str: 22    XL:     17   Next: 41%
Magic:  11/42      EV:  8    Int: 30    God:    Vehumet [*****.]
Gold:   2729       SH:  0    Dex: 12    Spells: 14/38 levels left

rFire    + . .     SeeInvis +   F - +2 dire flail (protect)
rCold    + . .     Gourm    .   (shield currently unavailable)
rNeg     + + .     Faith    .   M - +3 leather armour "Futonuo" {rElec rN+ rCorr Int+4}
rPois    ∞         Spirit   .   n - +3 hat of Pondering {ponderous, MR+ MP+10 Int+5}
rElec    +         Reflect  .   p - scarf {rC+ rF+}
rCorr    +         Harm     .   X - +2 pair of gloves
MR       ++++.                  W - +0 pair of boots of Teawiph {MR+ Str+2}
Stlth    ++........             Z - amulet of regeneration
HPRegen  0.68/turn              y - ring of see invisible
MPRegen  0.28/turn              H - +4 ring of strength

@: about to teleport, flying, held, slow
A: big wings, fangs 1, agile 1, magic resistance 1, negative energy resistance
1, electricity resistance, strong 1, unbreathing, petrification resistance, rot
immunity, AC +12
a: Stop Flying, Renounce Religion


You were on level 2 of the Spider Nest.
You worshipped Vehumet.
Vehumet was extremely pleased with you.
You were hungry.

You visited 7 branches of the dungeon, and saw 29 of its levels.
You also visited: Labyrinth, Ossuary, Bailey and Wizlab.

You collected 2729 gold pieces.

Inventory:

Hand Weapons
 v - a +2 quarterstaff of crushing
 F - a +2 dire flail of protection (weapon)
Missiles
 b - 177 stones (quivered)
Armour
 n - the +3 hat of Pondering (worn) {ponderous, MR+ MP+10 Int+5}
   (You took it off Gastronok on level 3 of the Lair of Beasts)

   It affects your intelligence (+5).
   It affects your resistance to hostile enchantments.
   It affects your magic capacity (+10).
 p - a scarf of resistance (worn)
 C - +0 swamp dragon scales
 M - the +3 leather armour "Futonuo" (worn) {rElec rN+ rCorr Int+4}
   (You found it on level 6 of the Dungeon)

   It affects your intelligence (+4).
   It insulates you from electricity.
   It protects you from negative energy.
   It protects you from acid and corrosion.
 Q - a +0 cloak
 W - the +0 pair of boots of Teawiph (worn) {MR+ Str+2}
   (You found it on level 1 of the Swamp)

   It affects your strength (+2).
   It affects your resistance to hostile enchantments.
 X - a +2 pair of gloves (worn)
Magical Staves
 m - an uncursed staff of poison
Jewellery
 o - an uncursed amulet of the gourmand
 r - an uncursed ring of protection from fire
 y - a ring of see invisible (left hand)
 G - an uncursed ring of protection from cold
 H - a +4 ring of strength (right hand)
 P - an uncursed ring of protection from cold
 Z - an amulet of regeneration (around neck)
Wands
 a - a wand of acid (30)
 g - a wand of flame (26)
 w - a wand of random effects (102)
 D - a wand of iceblast (12)
 I - a wand of polymorph (29)
Scrolls
 c - 2 scrolls of silence
 i - 10 scrolls of remove curse
 j - 6 scrolls of teleportation
 l - 4 scrolls of magic mapping
 s - 2 scrolls of amnesia
 x - a scroll of fog
 A - a scroll of immolation
 K - a scroll of vulnerability
 N - a scroll of acquirement
 R - a scroll of fear
 S - a scroll of summoning
 T - a scroll of brand weapon
Potions
 e - a potion of agility
 f - 4 potions of resistance
 k - a potion of cancellation
 t - a potion of lignification
 u - 2 potions of berserk rage
 B - a potion of brilliance
 E - a potion of invisibility
Books
 q - the Incunabulum of Evil Magic
   (You found it on level 2 of the Swamp)

   Spells                             Type                      Level
   a - Pain                           Necromancy                   1
   b - Corpse Rot                     Necromancy                   2
   c - Regeneration                   Charms/Necromancy            3
   d - Vampiric Draining              Necromancy                   3
   e - Animate Dead                   Necromancy                   4
   f - Dispel Undead                  Necromancy                   5
 L - Easy Spellweaving
   (You found it on level 1 of the Spider Nest)

   Spells                             Type                      Level
   a - Iskenderun's Mystic Blast      Conjuration                  4
   b - Sticky Flame                   Conjuration/Fire             4
   c - Force Lance                    Conjuration/Translocation    4
   d - Ice Form                       Ice/Transmutation            4
   e - Olgreb's Toxic Radiance        Poison                       4
   f - Passage of Golubria            Translocation                4
Miscellaneous
 z - a lightning rod (4/4)
Comestibles
 d - 7 rations


   Skills:
 + Level 12.6 Fighting
 - Level 9.6(10.2) Maces & Flails
 - Level 5.1(8.1) Staves
 - Level 6.0 Armour
 - Level 6.3 Dodging
 - Level 2.1 Stealth
 + Level 11.4 Spellcasting
 + Level 12.8 Conjurations
   Level 0.7 Transmutations
 - Level 10.9 Fire Magic
 + Level 14.4 Earth Magic
 - Level 9.2 Evocations


You had 14 spell levels left.
You knew the following spells:

 Your Spells              Type           Power        Failure   Level  Hunger
a - Sandblast             Erth           ######       0%          1    None
b - Stone Arrow           Conj/Erth      ######       1%          3    None
c - Sticky Flame          Conj/Fire      ######..     1%          4    None
d - Lee's Rapid Deconstr  Erth           #######...   1%          5    ##.....
e - Fireball              Conj/Fire      ######....   1%          5    ##.....
f - Iron Shot             Conj/Erth      #######...   1%          6    #####..


Dungeon Overview and Level Annotations

Branches:
Dungeon (13/15)            Temple (1/1) D:5            Lair (6/6) D:11
  Swamp (4/4) Lair:2       Spider (2/4) Lair:3        Slime (0/5) Lair:5
    Orc (2/2) D:12            Elf (1/3) Orc:2        Vaults (0/5) D:13

Altars:
Ashenzari
Cheibriados
Dithmenos
Elyvilon
Fedhas
Gozag
Kikubaaqudgha
Makhleb
Nemelex Xobeh
Okawaru
Qazlal
Ru
Sif Muna
Trog
Uskayaw
Vehumet
Wu Jian
Xom
Yredelemnul
Zin
The Shining One

Shops:
D:12 *   Orc:2 ([(:


Innate Abilities, Weirdness & Mutations

You are resistant to torment.
Your stone body is resilient. (AC +12)
You are immune to poison.
Your large and strong wings let you fly indefinitely.
You resist negative energy. (rN+)
You are resistant to electric shocks. (rElec)
You can survive without breathing.
You are immune to petrification.
You are immune to rotting.
You have very sharp teeth.
You are agile. (Dex +2)
You are resistant to hostile enchantments. (MR+)
Your muscles are strong. (Str +2)


Message History

You feel strangely unstable.
The jumping spider pounces on you but does no damage.
The jumping spider bites you but does no damage.
The wolf spider hits you but does no damage.
The wolf spider closely misses you. The wolf spider hits you.
* * * LOW HITPOINT WARNING * * *
The wolf spider misses you. The redback misses you.
The jumping spider pounces on you!
* * * LOW HITPOINT WARNING * * *
You are caught in a web!
The jumping spider barely misses you. The wolf spider completely misses you.
The wolf spider bites you but does no damage.
You feel better. The wolf spider hits you!
* * * LOW HITPOINT WARNING * * *
The wolf spider bites you but does no damage.
The redback bites you but does no damage.
The jumping spider completely misses you.
The jumping spider bites you but does no damage.
The wolf spider hits you.
You die...

#..#
##.##.......###.........###.
####
#.##........##...........#.
##.#........###.........#.#
#.##.........#.........###
##.##........###.s......#
#.####........##.......## #.##
#........###.....##
######.####....s...###..###
..#.##.####.s@......##.######.
#.. ##.###.ss...##...#.......
###...
####..########.######...
......##.>†..†.# #.#
#......†.###.## #.# #.......##
... .## #......#......... .
#.....#^..........#.
#....#.............#


You could see 2 wolf spiders, a jumping spider and a redback.

Vanquished Creatures
  Arachne (Spider:2)
  An ancient champion (WizLab)
  Gastronok (Lair:3)
  Agnes (Elf:1)
  A deep elf sorcerer (Elf:1)
  An emperor scorpion (Spider:2)
  2 entropy weavers (Spider:1)
  A dire elephant (Lair:6)
  Azrael (Orc:2)
  Snorg (Orc:2)
  2 slime creatures (D:13)
  A minotaur (Lab)
  11 hydras
  3 centaur warriors
  A catoblepas (Lair:6)
  Erica (Orc:1)
  20 two-headed ogres
  4 ogre magi
  A queen ant (Spider:1)
  7 dancing weapons
  9 alligators
  5 death yaks (Lair:6)
  A deep troll shaman (Lair:6)
  3 spriggans
  3 deep elf knights (Elf:1)
  Sonja (Orc:2)
  3 unseen horrors (D:13)
  9 skeletal warriors (WizLab)
  A sea snake (shapeshifter) (D:13)
  3 deep elf archers (Elf:1)
  A shambling mangrove (Swamp:1)
  4 swamp dragons
  2 orc knights
  12 wolf spiders
  6 orb spiders (Spider:2)
  4 oklob plants (Lair:2)
  2 ugly things
  A cyclops (D:11)
  6 deep elf magi (Elf:1)
  A manticore (Lair:2)
  A moth of wrath (Spider:2)
  5 elephants
  4 black mambas
  A water nymph (shapeshifter) (D:13)
  Psyche (D:12)
  A gargoyle (Lab)
  A torpor snail (Lair:5)
  2 centaur skeletons (D:13)
  12 spiny frogs
  2 rime drakes (Lair:2)
  2 demonic crawlers
  11 komodo dragons
  2 queen bees
  2 trolls (Orc:1)
  A queen bee (shapeshifter) (D:13)
  13 jumping spiders
  4 polar bears
  4 tyrant leeches
  8 hornets
  Prince Ribbit (D:9)
  A minotaur skeleton (Lab)
  A meliai zombie (D:13)
  7 blink frogs
  4 bog bodies
  9 hippogriffs
  30 redbacks
  5 vampires
  An air elemental (Elf:1)
  46 yaks
  A water elemental (Elf:1)
  15 tarantellas
  A wraith (D:11)
  5 fire elementals
  A human (shapeshifter) (Elf:1)
  5 basilisks
  2 wyverns
  7 hungry ghosts
  8 vampire mosquitoes
  Menkaure (Ossuary)
  Edmund (D:5)
  2 soldier ants
  12 swamp worms
  3 two-headed ogre zombies (WizLab)
  An acid dragon (D:13)
  An insubstantial wisp (Swamp:4)
  13 water moccasins
  2 hell hounds (Orc:1)
  6 porcupines
  9 swamp drakes
  9 orc warriors
  2 black bears
  5 ice beasts
  4 sky beasts
  11 wolves
  3 phantoms
  31 ogres
  A necrophage (D:12)
  7 centaurs
  23 crocodiles
  A big kobold (shapeshifter) (Elf:1)
  2 big kobolds
  6 bullfrogs
  A wyvern skeleton (D:13)
  2 scorpions
  9 troll zombies (WizLab)
  53 killer bees
  2 howler monkeys (D:13)
  9 wights
  2 electric eels
  4 lava snakes (Lab)
  A bullfrog zombie (D:8)
  4 crimson imps
  A centaur zombie (D:8)
  A quasit (D:11)
  4 hounds
  5 orc priests
  5 jellies
  7 iguanas
  Terence (D:3)
  20 worker ants
  14 orc wizards
  5 hell rats
  5 ogre zombies (WizLab)
  2 hound zombies
  A howler monkey zombie (D:11)
  A mummy (Ossuary)
  A worker ant zombie (D:6)
  20 gnolls
  A howler monkey skeleton (D:5)
  13 adders
  A river rat (Lair:2)
  3 shadow imps
  3 oozes (Lair:5)
  An adder zombie (D:7)
  An adder skeleton (D:5)
  2 worms (D:2)
  2 dart slugs
  5 leopard geckos
  43 orcs
  6 bats
  10 giant cockroaches
  13 goblins
  20 hobgoblins
  8 jackals
  27 kobolds
  3 quokkas
  A ball python skeleton (D:4)
  4 frilled lizards
  A gnoll skeleton (Ossuary)
  A gnoll zombie (Ossuary)
  A goblin skeleton (Ossuary)
  3 goblin zombies (Ossuary)
  A hobgoblin skeleton (Ossuary)
  3 hobgoblin zombies (Ossuary)
  5 kobold skeletons (Ossuary)
  3 kobold zombies (Ossuary)
  An orc skeleton (Ossuary)
  An orc zombie (Ossuary)
  A quokka skeleton (D:6)
  4 rats
  A rat skeleton (Ossuary)
  3 rat zombies (Ossuary)
  A fungus (Lair:2)
899 creatures vanquished.

Vanquished Creatures (others)
  A spriggan (Swamp:2)
  2 hornets (Swamp:2)
  2 mummies (Ossuary)
  A leopard gecko (D:11)
  A gnoll skeleton (Ossuary)
  2 gnoll zombies (Ossuary)
  2 goblin skeletons (Ossuary)
  3 goblin zombies (Ossuary)
  A hobgoblin skeleton (Ossuary)
  2 hobgoblin zombies (Ossuary)
  A kobold skeleton (Ossuary)
  5 orc skeletons (Ossuary)
  4 orc zombies (Ossuary)
  5 rat skeletons (Ossuary)
  2 bushes
  9 fungi
  13 plants
56 creatures vanquished.

Grand Total: 955 creatures vanquished

Notes
Turn   | Place    | Note
-------+----------+-------------------------------------------
     0 | D:1      | batai666 the Gargoyle Earth Elementalist began the quest for the Orb.
     0 | D:1      | Reached XP level 1. HP: 10/10 MP: 3/3
    60 | D:1      | Reached XP level 2. HP: 8/15 MP: 5/5
   202 | D:1      | Reached skill level 4 in Earth Magic
  1275 | D:1      | Reached XP level 3. HP: 15/19 MP: 6/6
  1714 | D:2      | Learned a level 3 spell: Stone Arrow
  2256 | D:2      | Reached XP level 4. HP: 16/24 MP: 6/8
  2318 | D:2      | Reached skill level 1 in Conjurations
  2697 | D:3      | Learned a level 3 spell: Conjure Flame
  2953 | D:3      | Noticed Terence
  2958 | D:3      | Killed Terence
  2958 | D:3      | Reached skill level 5 in Earth Magic
  2958 | D:3      | Reached XP level 5. HP: 28/28 MP: 2/9
  3027 | D:3      | Found an iron altar of Okawaru.
  3194 | D:3      | Found a blossoming altar of Fedhas.
  3427 | D:3      | Found a deep blue altar of Sif Muna.
  3561 | D:4      | Reached skill level 1 in Fire Magic
  3564 | D:4      | Got a heavy robe
  3575 | D:4      | Identified the cursed +0 robe of the Bull {Int+2} (You found it on level 4 of the Dungeon)
  3584 | D:4      | Got a brightly glowing rapier
  4047 | D:4      | Got a bloodstained ring mail
  4213 | D:4      | Found a burning altar of Makhleb.
  4215 | D:4      | Found a shadowy altar of Dithmenos.
  4217 | D:4      | Found a snail-covered altar of Cheibriados.
  4526 | D:5      | Entered Level 5 of the Dungeon
  4582 | D:5      | Noticed a sky beast
  4587 | D:5      | Killed a sky beast
  4587 | D:5      | Reached XP level 6. HP: 32/32 MP: 7/11
  4596 | D:5      | Learned a level 5 spell: Lee's Rapid Deconstruction
  4655 | D:5      | Found a sand-covered staircase.
  4665 | Ossuary  | Entered an ossuary
  5018 | Ossuary  | Noticed Menkaure
  5024 | Ossuary  | Killed Menkaure
  5333 | D:5      | Reached XP level 7. HP: 34/37 MP: 9/13
  5353 | D:5      | Identified the +3 ring mail of Death Resistance {Stlth+} (You found it on level 4 of the Dungeon)
  5456 | D:5      | Reached skill level 6 in Earth Magic
  5599 | D:5      | Reached skill level 1 in Fighting
  5599 | D:5      | Reached skill level 1 in Maces & Flails
  5599 | D:5      | Reached skill level 1 in Armour
  5617 | D:5      | Noticed Edmund
  5623 | D:5      | Killed Edmund
  5623 | D:5      | Reached skill level 1 in Evocations
  6197 | D:5      | Found a staircase to the Ecumenical Temple.
  6218 | Temple   | Entered the Ecumenical Temple
  6405 | Temple   | Became a worshipper of Vehumet
  6561 | D:5      | Reached XP level 8. HP: 27/44 MP: 5/14
  7561 | D:6      | Got a shimmering leather armour
  8157 | D:7      | Identified the +3 leather armour "Futonuo" {rElec rN+ rCorr Int+4} (You found it on level 6 of the Dungeon)
  8201 | D:7      | Identified a scroll of acquirement
  8207 | D:7      | You fall through a shaft!
  8212 | D:8      | Reached * piety under Vehumet
  8212 | D:8      | Offered knowledge of Shock by Vehumet.
  8321 | D:8      | Noticed a two-headed ogre
  8491 | D:7      | Reached XP level 9. HP: 50/50 MP: 3/16
  8501 | D:7      | Reached skill level 7 in Earth Magic
  8652 | D:7      | Reached skill level 5 in Spellcasting
  8909 | D:7      | Reached ** piety under Vehumet
  8909 | D:7      | Offered knowledge of Searing Ray by Vehumet.
  8986 | D:7      | Reached skill level 5 in Conjurations
  9020 | D:7      | Found an ornate altar of the Wu Jian Council.
  9577 | D:8      | Noticed a queen bee
  9883 | D:8      | Noticed a two-headed ogre
 10081 | D:8      | Reached XP level 10. HP: 53/58 MP: 16/18
 10102 | D:8      | Offered knowledge of Throw Frost by Vehumet.
 10323 | D:8      | Reached skill level 8 in Earth Magic
 10490 | D:8      | Reached *** piety under Vehumet
 10619 | D:8      | Reached skill level 5 in Armour
 10626 | D:7      | Reached skill level 5 in Fighting
 10789 | D:8      | Killed a two-headed ogre
 10900 | D:8      | Killed a two-headed ogre
 10900 | D:8      | Reached skill level 5 in Fire Magic
 11048 | D:8      | Found a sparkling altar of Nemelex Xobeh.
 11223 | D:8      | Found a glowing golden altar of the Shining One.
 11451 | D:9      | Offered knowledge of Fulminant Prism by Vehumet.
 11451 | D:9      | Reached skill level 5 in Maces & Flails
 11451 | D:9      | Reached XP level 11. HP: 41/64 MP: 14/20
 11887 | D:9      | Noticed Prince Ribbit
 11902 | D:9      | Killed Prince Ribbit
 12090 | D:9      | Found a glowing silver altar of Zin.
 12761 | D:10     | Entered Level 10 of the Dungeon
 13369 | D:10     | Got a warped scythe
 13371 | D:10     | Identified the +7 scythe of Salt {antimagic, +Inv Str+3 Int+3} (You found it on level 10 of the Dungeon)
 14049 | D:11     | Learned a level 5 spell: Fireball
 14084 | D:11     | Noticed a cyclops
 14099 | D:11     | Killed a cyclops
 14342 | D:11     | Reached **** piety under Vehumet
 14753 | D:11     | Noticed a cyan ugly thing
 14761 | D:11     | Killed a cyan ugly thing
 14761 | D:11     | Reached skill level 9 in Earth Magic
 15077 | D:11     | Found a staircase to the Lair.
 15096 | D:11     | Offered knowledge of Venom Bolt by Vehumet.
 15096 | D:11     | Reached skill level 5 in Dodging
 15436 | D:11     | Gained mutation: Your muscles are strong. (Str +2) [potion of mutation]
 15436 | D:11     | Gained mutation: You are resistant to hostile enchantments. (MR+) [potion of mutation]
 15436 | D:11     | Gained mutation: You are agile. (Dex +2) [potion of mutation]
 15436 | D:11     | Gained mutation: You have very sharp teeth. [potion of mutation]
 15674 | Lair:1   | Entered Level 1 of the Lair of Beasts
 15686 | Lair:1   | Noticed a seven-headed hydra
 15690 | Lair:1   | Killed a seven-headed hydra
 15838 | Lair:1   | Found a labyrinth entrance.
 15847 | Lab      | Entered a labyrinth
 18699 | Lab      | Noticed a minotaur
 18902 | Lab      | Killed a minotaur
 19052 | Lab      | Got a warped robe
 19063 | Lab      | Identified the +2 robe of the Bells {Slay+2} (You found it in a labyrinth)
 19157 | Lair:1   | Reached XP level 12. HP: 69/71 MP: 22/22
 19170 | Lair:1   | Found a hide-covered altar of Uskayaw.
 20092 | Lair:2   | Learned a level 4 spell: Sticky Flame
 20293 | Lair:2   | Reached skill level 10 in Earth Magic
 20604 | Lair:2   | Reached ***** piety under Vehumet
 20697 | Lair:2   | Offered knowledge of Force Lance by Vehumet.
 20983 | Lair:2   | Reached skill level 5 in Evocations
 21203 | Lair:2   | Found a staircase to the Swamp.
 21352 | Lair:2   | Reached XP level 13. HP: 77/78 MP: 12/24
 22114 | Lair:1   | Got a twisted scale mail
 22304 | Lair:2   | Identified the +2 scale mail "Zeitum" {+Inv} (You found it on level 1 of the Lair of Beasts)
 22678 | Lair:3   | Found a hole to the Spider Nest.
 22792 | Lair:3   | Noticed Gastronok
 22811 | Lair:3   | Killed Gastronok
 24183 | Lair:4   | Reached skill level 11 in Earth Magic
 25180 | Lair:5   | Reached skill level 1 in Staves
 25806 | Lair:5   | Found a staircase to the Slime Pits.
 25819 | Lair:5   | Offered knowledge of Iron Shot by Vehumet.
 25828 | Lair:5   | Learned a level 6 spell: Iron Shot
 27068 | Lair:6   | Entered Level 6 of the Lair of Beasts
 27362 | Lair:6   | Gained mutation: Your large and strong wings let you fly indefinitely. [Gargoyle growth]
 27362 | Lair:6   | Reached XP level 14. HP: 83/86 MP: 18/26
 27899 | Lair:6   | Reached skill level 10 in Conjurations
 29099 | Lair:6   | Noticed a dire elephant
 29126 | Lair:6   | Killed a dire elephant
 30041 | D:12     | Noticed Psyche
 30045 | D:12     | Killed Psyche
 30080 | D:12     | Offered knowledge of Poison Arrow by Vehumet.
 30089 | D:12     | Found a staircase to the Orcish Mines.
 30229 | D:12     | Found a flagged portal.
 30237 | Bailey   | Entered a bailey
 30842 | D:12     | Reached skill level 12 in Earth Magic
 31027 | D:12     | Found Nofeb's General Store.
 31135 | D:12     | Reached skill level 10 in Fighting
 31722 | Orc:1    | Entered Level 1 of the Orcish Mines
 31985 | Orc:2    | Entered Level 2 of the Orcish Mines
 32433 | Orc:1    | Offered knowledge of Iskenderun's Battlesphere by Vehumet.
 32667 | Orc:1    | Reached XP level 15. HP: 61/92 MP: 23/28
 33492 | Orc:2    | Reached skill level 5 in Staves
 33632 | Orc:2    | Found Vyirysa's Antique Weapon Shop.
 33632 | Orc:2    | Found Qipt's Antique Weapon Shoppe.
 33632 | Orc:2    | Found Etoudig's Armour Shoppe.
 33632 | Orc:2    | Found Jawoy's Book Boutique.
 33772 | Orc:1    | Noticed Erica
 33847 | Orc:1    | Killed Erica
 34393 | Orc:2    | Noticed Sonja
 34400 | Orc:2    | Killed Sonja
 34401 | Orc:2    | Noticed Azrael
 34773 | Orc:2    | Killed Azrael
 34871 | Orc:2    | Found a staircase to the Elven Halls.
 34999 | Orc:2    | Noticed Snorg
 35020 | Orc:2    | Killed Snorg
 35444 | Elf:1    | Entered Level 1 of the Elven Halls
 35715 | Elf:1    | Found a deep blue altar of Sif Muna.
 35732 | Elf:1    | Found a magical portal.
 35792 | WizLab   | Entered Zonguldrok's Shrine
 36070 | WizLab   | Reached skill level 10 in Spellcasting
 36243 | WizLab   | Noticed an ancient champion
 36261 | WizLab   | Killed an ancient champion
 36564 | WizLab   | Noticed an antique lich
 36739 | Elf:1    | Noticed a deep elf sorcerer
 36758 | Elf:1    | Killed a deep elf sorcerer
 36758 | Elf:1    | Reached skill level 10 in Fire Magic
 36762 | Elf:1    | Reached skill level 13 in Earth Magic
 36968 | Elf:1    | Noticed Agnes
 36972 | Elf:1    | Killed Agnes
 37498 | Elf:1    | Reached XP level 16. HP: 100/100 MP: 28/30
 39123 | D:13     | Found a gate to the Vaults.
 39229 | D:13     | Got a warped marble ring
 39574 | D:13     | Found a shimmering altar of Xom.
 41263 | Swamp:1  | Entered Level 1 of the Swamp
 41397 | Swamp:1  | Got a pair of transparent boots
 41409 | Swamp:1  | Identified the +0 pair of boots of Teawiph {MR+ Str+2} (You found it on level 1 of the Swamp)
 41409 | Swamp:1  | Identified the ring "Efolidd" {Wiz MR- Dex+7} (You found it on level 13 of the Dungeon)
 43581 | Swamp:2  | Identified the Incunabulum of Evil Magic
 44262 | Swamp:3  | Offered knowledge of Spellforged Servitor by Vehumet.
 45215 | Swamp:4  | Entered Level 4 of the Swamp
 46124 | Spider:1 | Entered Level 1 of the Spider Nest
 46493 | Spider:1 | Identified Easy Spellweaving
 48002 | Spider:1 | Reached XP level 17. HP: 99/106 MP: 17/31
 48366 | Spider:2 | Reached skill level 14 in Earth Magic
 48757 | Spider:2 | Offered knowledge of Orb of Destruction by Vehumet.
 48804 | Spider:2 | Noticed Arachne
 49453 | Spider:2 | Killed Arachne
 49801 | Spider:2 | HP: 3/108 [wolf spider (17)]
 49801 | Spider:2 | Slain by a wolf spider

Skill      XL: |  1  2  3  4  5  6  7  8  9 10 11 12 13 14 15 16 17 |
---------------+----------------------------------------------------+-----
Earth Magic    | 4 5 6 7 8 9 10 11 12 13 14 | 14.4
Spellcasting   | 3 4 5 6 7 8 9 10 11 | 11.4
Conjurations   | 1 2 3 4 5 6 7 8 9 10 11 12 | 12.8
Fire Magic     | 2 3 4 5 7 8 9 10 | 10.9
Fighting       | 1 3 4 5 6 8 9 10 11 12 | 12.6
Maces & Flails | 1 2 3 5 6 7 8 9 |  9.6
Armour         | 1 3 4 5 6 |  6.0
Dodging        | 2 3 4 5 6 |  6.3
Evocations     | 1 2 3 5 6 7 8 9 |  9.2
Staves         | 2 4 5 |  5.1
Stealth        | |  2.1
Transmutations | |  0.7

Action                   |  1- 3 |  4- 6 |  7- 9 | 10-12 | 13-15 | 16-18 || total
-------------------------+-------+-------+-------+-------+-------+-------++-------
Melee: Hand axe          |   140 |    60 |    18 |       |       |       ||   218
       Mace              |       |    97 |    54 |       |       |       ||   151
       Flail             |       |       |   125 |   115 |       |    84 ||   324
       Morningstar       |       |       |       |    55 |       |       ||    55
       Quarterstaff      |       |       |       |   169 |   283 |   102 ||   554
       Bite              |       |       |       |    14 |    66 |    75 ||   155
       Great mace        |       |       |       |       |    10 |       ||    10
       Dire flail        |       |       |       |       |   153 |   294 ||   447
Throw: Stone             |       |       |       |       |     2 |     1 ||     3
 Cast: Sandblast         |    10 |    28 |    99 |   254 |   239 |   149 ||   779
       Stone Arrow       |       |     5 |    17 |    83 |   184 |   107 ||   396
       Conjure Flame     |       |     3 |     2 |     1 |       |       ||     6
       Lee's Rapid Decon |       |       |     5 |    15 |    21 |    30 ||    71
       Fireball          |       |       |       |     5 |    34 |    10 ||    49
       Iron Shot         |       |       |       |       |   121 |    97 ||   218
       Sticky Flame      |       |       |       |       |    18 |     2 ||    20
 Abil: Fly               |       |       |       |       |     1 |       ||     1
Evoke: Wand              |       |       |       |     2 |     3 |     7 ||    12
  Use: Scroll            |     2 |     9 |     5 |    16 |    14 |    14 ||    60
       Potion            |     1 |       |     4 |     4 |    11 |    11 ||    31
 Stab: Sleeping          |     1 |     5 |     1 |     1 |     1 |       ||     9
       Distracted        |       |       |       |     1 |       |       ||     1
  Eat: Chunk             |     4 |     9 |     7 |    10 |    47 |    37 ||   114
       Ration            |       |     1 |     3 |    12 |    14 |    12 ||    42
Armor: Robe              |    68 |    55 |    51 |       |       |       ||   174
       Leather armour    |       |       |    98 |   316 |   568 |   544 ||  1526
Dodge: Dodged            |   136 |   116 |   205 |   426 |   786 |   666 ||  2335
